[Event "Titled Tuesday Blitz June 1 2021"]
[White "Visakh N R"]
[Black "Marek, Matyas"]
[WhiteFideId "25012223"]
[BlackFideId "335398"]
[WhiteElo "2428"]
[BlackElo "2279"]
[Result "1-0"]
[Round "03"]
[TimeControl "180+1"]
[Date "2021.06.01"]
[WhiteClock "0:00:40"]
[BlackClock "0:00:35"]

1. e4 c5 2. Nf3 d6 3. d4 cxd4 4. Nxd4 Nf6 5. Nc3 Nc6 6. Nb3 g6 7. Be2 Bg7 8. O-O O-O 9. Re1 Bd7 10. Bf1 Rc8 11. Nd5 Nxd5 12. exd5 Ne5 13. c3 Re8 14. Be3 a5 15. Bd4 a4 16. Nd2 Qa5 17. Bxe5 dxe5 18. Nc4 Qc7 19. d6 Qc5 20. b4 axb3 21. axb3 b5 22. b4 Qc6 23. Nxe5 Bxe5 24. Rxe5 Qxd6 25. Qxd6 exd6 26. Rxe8+ Bxe8 27. Ra3 Kf8 28. f3 Ke7 29. Kf2 Ke6 30. Ke3 Bd7 31. Kd4 f5 32. Bd3 Rb8 33. Bc2 Ke7 34. Ra7 Rc8 35. Bd3 Ke6 36. Rb7 Ra8 37. Bc2 Ra3 38. Rb8 h5 39. h4 Bc6 40. Rb6 Bd7 41. f4 Ra1 42. Rb7 Rg1 43. Bb3+ Ke7 44. c4 Rxg2 45. cxb5 Rd2+ 46. Kc3 Rf2 47. Bd5 Kd8 48. b6 1-0


[Site "https://www.chess.com"]

[Event "Titled Tuesday Blitz June 1 2021"]
[White "Wachinger, Guenther"]
[Black "Triapishko, Alexandr"]
[WhiteFideId "4604261"]
[BlackFideId "14122286"]
[WhiteElo "2212"]
[BlackElo "2490"]
[Result "0-1"]
[Round "03"]
[TimeControl "180+1"]
[Date "2021.06.01"]
[WhiteClock "0:00:03"]
[BlackClock "0:00:03"]

1. e4 c5 2. Nf3 d6 3. d4 Nf6 4. Nc3 cxd4 5. Nxd4 a6 6. Qf3 Nbd7 7. Be2 Qc7 8. Be3 e6 9. g4 h6 10. h4 Ne5 11. Qg2 b5 12. f4 b4 13. Na4 Bb7 14. fxe5 dxe5 15. Nb3 Bxe4 16. Bf3 Qc6 17. Bxe4 Nxe4 18. O-O-O f5 19. Nac5 Bxc5 20. Nxc5 O-O 21. Nxe4 fxe4 22. h5 Rf3 23. Qe2 Qb5 24. Qxb5 axb5 25. Bc5 Rxa2 26. Bxb4 Rf2 27. Kb1 Ra4 28. Bc3 e3 29. Bxe5 e2 30. Rde1 Kh7 31. Rhg1 Re4 32. Bc3 Rf3 33. Kc1 b4 34. Bd2 Rf2 35. c3 b3 36. Kb1 Ra4 37. Bc1 Re4 38. Bd2 Ra4 39. c4 Rf8 40. Bc3 Rfa8 41. Kc1 Rd8 42. Rxe2 Ra1# 0-1


[Site "https://www.chess.com"]

[Event "Titled Tuesday Blitz June 1 2021"]
[White "Weetik, Vjacheslav"]
[Black "Zhigalko, Sergei"]
[WhiteFideId "4153472"]
[BlackFideId "13502956"]
[WhiteElo "2469"]
[BlackElo "2662"]
[Result "0-1"]
[Round "03"]
[TimeControl "180+1"]
[Date "2021.06.01"]
[WhiteClock "0:00:03"]
[BlackClock "0:00:03"]

1. d4 Nf6 2. c4 e6 3. g3 c5 4. d5 exd5 5. cxd5 d6 6. Nc3 g6 7. Nf3 Bg7 8. Bg2 O-O 9. O-O Re8 10. Nd2 a6 11. a4 Nbd7 12. h3 b6 13. Nc4 Ne5 14. Na3 Nh5 15. e4 b5 16. axb5 axb5 17. Ncxb5 Ba6 18. Rb1 Qb6 19. g4 Nf6 20. f4 Ned7 21. e5 dxe5 22. d6 Bxb5 23. Nxb5 Qxb5 24. Bxa8 Rxa8 25. f5 Qc6 26. Be3 Nd5 27. Qf3 e4 28. Qxe4 N7f6 29. Qf3 gxf5 30. gxf5 Qxd6 31. Rbd1 Re8 32. Bf2 Qc6 33. Kh1 Ne4 34. Bh4 Ndf6 35. Rg1 Nf2+ 36. Kg2 Qxf3+ 37. Kxf3 Nxd1 38. Bxf6 Re3+ 39. Kf4 Kf8 40. Rxg7 Rxh3 41. Rg1 Ne3 42. Ra1 Nd5+ 43. Ke5 Nxf6 44. Kxf6 Rh6+ 45. Kg5 Rb6 46. Ra8+ Kg7 47. Ra7 h6+ 48. Kh5 Rxb2 49. Rc7 Rh2+ 50. Kg4 Rc2 51. Rc6 Rc1 52. Kf4 c4 53. Ke3 Rf1 54. Ke4 Rc1 55. Kd4 c3 56. Kd3 h5 0-1


[Site "https://www.chess.com"]

[Event "Titled Tuesday Blitz June 1 2021"]
[White "Willow, Jonah B"]
[Black "Zhukov, Maksim"]
[WhiteFideId "438804"]
[BlackFideId "34181790"]
[WhiteElo "2261"]
[BlackElo "1992"]
[Result "1-0"]
[Round "03"]
[TimeControl "180+1"]
[Date "2021.06.01"]
[WhiteClock "0:01:24"]
[BlackClock "0:00:40"]

1. e4 d5 2. Nc3 dxe4 3. Nxe4 Nd7 4. Nf3 e6 5. d4 Ngf6 6. Bd3 Be7 7. c3 O-O 8. O-O b6 9. Re1 Bb7 10. Bf4 Nxe4 11. Bxe4 Bxe4 12. Rxe4 Nf6 13. Re2 Nd5 14. Bg3 Bd6 15. Qc2 Bxg3 16. hxg3 g6 17. Rae1 a5 18. Ne5 a4 19. Qd3 Qg5 20. Qf3 Kg7 21. c4 Nf6 22. Qc6 Rad8 23. Qxc7 Rxd4 24. Nf3 Qc5 25. Qxc5 bxc5 26. Nxd4 cxd4 27. Rd2 Rd8 28. f4 Ng4 29. Re4 f5 30. Rexd4 Rb8 31. c5 e5 32. Rd7+ Kh6 33. c6 e4 34. c7 Rc8 35. Re7 e3 36. Rd8 Rxc7 37. Rxc7 e2 38. Re7 Ne3 39. Rxe3 e1=Q+ 1-0


[Site "https://www.chess.com"]

[Event "Titled Tuesday Blitz June 1 2021"]
[White "Xiong, Jeffery"]
[Black "Shahade, Gregory"]
[WhiteFideId "2047640"]
[BlackFideId "2009064"]
[WhiteElo "2724"]
[BlackElo "2717"]
[Result "1-0"]
[Round "03"]
[TimeControl "180+1"]
[Date "2021.06.01"]
[WhiteClock "0:00:55"]
[BlackClock "0:00:15"]

1. d4 Nf6 2. Nf3 g6 3. Nbd2 Bg7 4. e4 d5 5. e5 Nfd7 6. h4 h6 7. e6 fxe6 8. Bd3 Nf8 9. Nb3 Nbd7 10. Bf4 c5 11. Nxc5 Nxc5 12. dxc5 Qa5+ 13. c3 Qxc5 14. Qe2 Bd7 15. O-O Kf7 16. Rfe1 Bf6 17. Ne5+ Kg7 18. Nxg6 Nxg6 19. Qg4 Rag8 20. Qxg6+ Kf8 21. Bxh6+ Rxh6 22. Qxh6+ Ke8 23. Re3 Kd8 24. Rae1 Rh8 25. Qg6 Bxh4 26. Rf3 Kc8 27. Rxe6 Bxe6 28. Qxe6+ Kd8 29. g3 Bg5 30. Qe5 Rh5 31. Rf8+ Kd7 32. Bf5+ Kc6 1-0


[Site "https://www.chess.com"]

[Event "Titled Tuesday Blitz June 1 2021"]
[White "Yurovskykh, Oleksandr"]
[Black "Samsonkin, Artiom"]
[WhiteFideId "14134020"]
[BlackFideId "13503111"]
[WhiteElo "2549"]
[BlackElo "2763"]
[Result "1-0"]
[Round "03"]
[TimeControl "180+1"]
[Date "2021.06.01"]
[WhiteClock "0:00:20"]
[BlackClock "0:00:06"]

1. d4 Nf6 2. Nf3 e6 3. Bf4 c5 4. c3 d5 5. e3 Nc6 6. Nbd2 cxd4 7. exd4 Nh5 8. Bg5 Qc7 9. Bd3 Bd6 10. O-O Nf4 11. Bxf4 Bxf4 12. g3 Bh6 13. Re1 O-O 14. Qc2 g6 15. Ne5 Nxe5 16. Rxe5 Bg7 17. Re2 b6 18. Nf3 Bb7 19. Ne5 Rae8 20. f4 f6 21. Nf3 e5 22. fxe5 fxe5 23. Nxe5 Bxe5 24. dxe5 Rxe5 25. Rxe5 Qxe5 26. Qe2 Qd6 27. Qe3 Qc5 28. Re1 Re8 29. Qxc5 Rxe1+ 30. Kf2 bxc5 31. Kxe1 Kf7 32. b4 cxb4 33. cxb4 Kf6 34. Kd2 Ke5 35. Ke3 d4+ 36. Kd2 Bc8 37. a3 Bd7 38. Bc4 g5 39. Bd3 h5 40. Bg6 h4 41. gxh4 gxh4 42. Kd3 Bb5+ 43. Kd2 Kf4 44. Bc2 Kf3 45. a4 Bf1 46. Bd3 Bh3 47. b5 Kg2 48. a5 Kxh2 49. Be4 Bc8 50. a6 Bxa6 51. bxa6 Kg3 52. Kd3 h3 53. Kxd4 h2 54. Kc5 Kf4 55. Bh1 Ke5 56. Kc6 Ke6 57. Kb7 Kd6 58. Kxa7 Kc7 59. Bg2 Kc8 60. Kb6 1-0


[Site "https://www.chess.com"]

[Event "Titled Tuesday Blitz June 1 2021"]
[White "davigator"]
[Black "elcandado"]
[WhiteElo "2438"]
[BlackElo "2660"]
[Result "0-1"]
[Round "03"]
[TimeControl "180+1"]
[Date "2021.06.01"]
[WhiteClock "0:01:40"]
[BlackClock "0:01:16"]

1. e4 e5 2. Nf3 Nc6 3. Bc4 Bc5 4. c3 Nf6 5. d3 O-O 6. O-O d5 7. exd5 Nxd5 8. Nbd2 Nb6 9. Bb5 Bd6 10. Ne4 h6 11. h3 f5 12. Nxd6 cxd6 13. Re1 Qf6 14. a4 a6 15. Bxc6 bxc6 16. a5 Nd7 17. Qb3+ Kh7 18. Qa4 Nc5 19. Qc2 f4 20. d4+ Bf5 21. Qd1 Nd3 22. dxe5 dxe5 23. Rf1 e4 24. Nd4 f3 25. g3 Bxh3 26. Be3 Qg6 27. Kh2 Qh5 28. g4 Bxg4+ 0-1


[Site "https://www.chess.com"]

[Event "Titled Tuesday Blitz June 1 2021"]
[White "Alavi, Sayed Javad"]
[Black "Yoo, Christopher Woojin"]
[WhiteFideId "12500607"]
[BlackFideId "30909694"]
[WhiteElo "2495"]
[BlackElo "2009"]
[Result "1/2-1/2"]
[Round "04"]
[TimeControl "180+1"]
[Date "2021.06.01"]
[WhiteClock "0:01:34"]
[BlackClock "0:01:46"]

1. e4 c5 2. Nc3 e6 3. g3 Nc6 4. Bg2 Nf6 5. Nge2 Be7 6. O-O O-O 7. d4 cxd4 8. Nxd4 d6 9. Re1 Bd7 10. a4 a6 11. Nb3 Na5 12. f4 Nxb3 13. cxb3 Bc6 14. Be3 Nd7 15. b4 b5 16. axb5 axb5 17. Qd3 Rxa1 18. Rxa1 Qb8 19. Ra5 Bd8 20. Ra6 Qb7 21. Ra7 Qb8 22. Ra6 Qc8 23. Ra7 Qb8 24. Ra6 1/2-1/2


[Site "https://www.chess.com"]

[Event "Titled Tuesday Blitz June 1 2021"]
[White "Aldokhin, Ivan"]
[Black "Costachi, Mihnea"]
[WhiteFideId "24115720"]
[BlackFideId "1217518"]
[WhiteElo "2306"]
[BlackElo "2479"]
[Result "1-0"]
[Round "04"]
[TimeControl "180+1"]
[Date "2021.06.01"]
[WhiteClock "0:00:15"]
[BlackClock "0:01:20"]

1. e4 e5 2. Nf3 Nc6 3. Bb5 a6 4. Ba4 d6 5. Bxc6+ bxc6 6. d4 exd4 7. Nxd4 c5 8. Nf3 Nf6 9. e5 Ng4 10. O-O Be7 11. Bf4 O-O 12. Nc3 Bb7 13. h3 Bxf3 14. Qxf3 Nxe5 15. Bxe5 dxe5 16. Rad1 Bd6 17. Ne4 Qe7 18. Rd5 Rab8 19. Qc3 c4 20. Rfd1 Rfd8 21. Qxc4 Rxb2 22. Qxa6 Rxc2 23. Nxd6 cxd6 24. Rxd6 Rf8 25. Rd7 Qc5 26. Qa7 Qc4 27. Rd8 Qc7 28. Qa8 g6 29. Rxf8+ Kg7 30. Rg8+ Kh6 31. Qe4 Rc4 32. Qe3+ Kh5 33. g4+ Rxg4+ 34. hxg4+ Kxg4 35. Rgd8 Qxd8 36. Rxd8 1-0


[Site "https://www.chess.com"]

[Event "Titled Tuesday Blitz June 1 2021"]
[White "Arias, Juan Cruz"]
[Black "Kosteniuk, Alexandra"]
[WhiteFideId "118540"]
[BlackFideId "4128125"]
[WhiteElo "2083"]
[BlackElo "2521"]
[Result "1/2-1/2"]
[Round "04"]
[TimeControl "180+1"]
[Date "2021.06.01"]
[WhiteClock "0:00:13"]
[BlackClock "0:00:11"]

1. e4 c6 2. d4 d5 3. exd5 cxd5 4. Bd3 Nc6 5. c3 Nf6 6. h3 g6 7. Nf3 Bf5 8. O-O Bg7 9. Na3 O-O 10. Nc2 Bxd3 11. Qxd3 Ne4 12. Bf4 f6 13. Bh2 Qd7 14. Rfe1 Rad8 15. Rad1 Nd6 16. Ne3 e6 17. c4 dxc4 18. Nxc4 Nf5 19. Ne3 Nfxd4 20. Nxd4 Nxd4 21. Nc2 e5 22. Nxd4 exd4 23. Qb3+ Qf7 24. Qa3 Rd7 25. Qxa7 d3 26. Bf4 f5 27. b3 Re8 28. Bd2 Re2 29. Qb8+ Qf8 30. Qf4 Rd4 31. Qf3 Qe7 32. Kf1 Rxe1+ 33. Rxe1 Qd7 34. Rc1 h6 35. Qe3 Re4 36. Qf3 Kh7 37. Rd1 Qb5 38. Kg1 Qa6 39. a4 Re2 40. Bf4 Bd4 41. Bg3 d2 42. Kh2 Qe6 43. Qf4 Be5 44. Qc4 Bxg3+ 45. Kxg3 Qxc4 46. bxc4 Kg7 47. Kf3 Re4 48. Rxd2 Rxc4 49. Rb2 Kf6 50. Rxb7 Rxa4 51. Rb6+ Kg5 52. Rb3 h5 53. g3 h4 54. Kg2 hxg3 55. Kxg3 Rd4 56. Rc3 Kh5 57. Rb3 g5 58. Rc3 f4+ 59. Kf3 Rd8 60. Kg2 Kh4 61. Rb3 Rg8 62. Rc3 Rh8 63. Rb3 Re8 64. Rc3 Re6 65. Rb3 g4 66. hxg4 Kxg4 67. Ra3 Rg6 68. Rf3 Kf5+ 69. Kh2 Ke4 70. Ra3 f3 71. Ra4+ Kd3 72. Ra2 Rg4 73. Kh3 Rg2 74. Rb2 Rg1 75. Ra2 Re1 76. Kg3 Ke4 77. Ra3 Rg1+ 78. Kh2 Rg2+ 79. Kh1 Rxf2 80. Kg1 Re2 81. Ra8 Rg2+ 82. Kf1 Rg5 83. Re8+ Kf4 84. Kf2 Rg2+ 85. Kf1 Rh2 86. Rf8+ Ke3 87. Re8+ Kf4 1/2-1/2


[Site "https://www.chess.com"]

[Event "Titled Tuesday Blitz June 1 2021"]
[White "Bellahcene, Bilel"]
[Black "Lagarde, Maxime"]
[WhiteFideId "696358"]
[BlackFideId "662399"]
[WhiteElo "2493"]
[BlackElo "2630"]
[Result "1-0"]
[Round "04"]
[TimeControl "180+1"]
[Date "2021.06.01"]
[WhiteClock "0:00:40"]
[BlackClock "0:01:08"]

1. e4 Nc6 2. d4 e5 3. d5 Nce7 4. Nc3 Ng6 5. Nf3 Nf6 6. h4 h5 7. Bg5 Bb4 8. Qd3 c6 9. a3 Bxc3+ 10. bxc3 cxd5 11. exd5 O-O 12. Nd2 d6 13. Be2 Nf4 14. Bxf4 exf4 15. O-O Re8 16. Rae1 Qc7 17. Qd4 Bg4 18. Bd3 Re5 19. c4 Rae8 20. Rb1 Be2 21. Rfc1 f3 22. gxf3 b6 23. Ne4 Nxe4 24. fxe4 Bxd3 25. cxd3 Qd8 26. f4 R5e7 27. Rb2 f5 28. Rg2 Rf7 29. e5 Qxh4 30. e6 Rf6 31. Rf1 Re7 32. Rg5 Kh7 33. Rf2 Rh6 34. Qe3 1-0


[Site "https://www.chess.com"]

[Event "Titled Tuesday Blitz June 1 2021"]
[White "Blohberger, Felix"]
[Black "Grieve, Harry"]
[WhiteFideId "1632051"]
[BlackFideId "426520"]
[WhiteElo "2434"]
[BlackElo "2191"]
[Result "1-0"]
[Round "04"]
[TimeControl "180+1"]
[Date "2021.06.01"]
[WhiteClock "0:00:09"]
[BlackClock "0:00:20"]

1. d4 f5 2. Nf3 Nf6 3. Bf4 e6 4. e3 b6 5. Be2 Bb7 6. O-O Be7 7. c4 O-O 8. h3 Ne4 9. Nbd2 Bf6 10. Nxe4 fxe4 11. Nd2 Bxd4 12. Qc2 Qh4 13. Bg3 Qg5 14. exd4 e3 15. Nf3 exf2+ 16. Kxf2 Nc6 17. Qe4 Rf7 18. Qe3 Qa5 19. Kg1 Raf8 20. Bxc7 Nb4 21. Qe5 d5 22. Bd6 Re8 23. Bxb4 Qxb4 24. cxd5 Bxd5 25. Ng5 Rxf1+ 26. Rxf1 Qxb2 27. Rf7 1-0


[Site "https://www.chess.com"]

[Event "Titled Tuesday Blitz June 1 2021"]
[White "Cunjalo, Faris"]
[Black "Gelman, Alexander"]
[WhiteFideId "14410710"]
[BlackFideId "4118316"]
[WhiteElo "2234"]
[BlackElo "2375"]
[Result "1-0"]
[Round "04"]
[TimeControl "180+1"]
[Date "2021.06.01"]
[WhiteClock "0:00:06"]
[BlackClock "0:00:07"]

1. c4 c5 2. g3 Nf6 3. Bg2 e6 4. Nf3 Be7 5. Nc3 O-O 6. O-O d6 7. d4 cxd4 8. Nxd4 a6 9. b3 Qc7 10. Bb2 Nbd7 11. Rc1 Ne5 12. Qd2 Bd7 13. h3 Rac8 14. f4 Ng6 15. e4 Qb8 16. a4 Qc7 17. Kh2 Rfd8 18. Qe2 Qb6 19. Rfd1 e5 20. Nf5 exf4 21. Nxe7+ Nxe7 22. gxf4 Qxb3 23. e5 dxe5 24. fxe5 Nh5 25. Rd4 Bc6 26. Nd5 Bxd5 27. cxd5 Qg3+ 28. Kh1 Nf4 29. Rxf4 Qxf4 30. Rf1 Qc4 31. Qf3 Rf8 32. Ba3 Ng6 33. Bxf8 Rxf8 34. Re1 Nh4 35. Qe4 Qc3 36. Re3 Qc1+ 37. Re1 Qc3 38. Re3 Qc1+ 39. Re1 Qd2 40. Qxh4 Rc8 41. Qe4 h6 42. e6 fxe6 43. dxe6 Re8 44. e7 Kh8 45. Rf1 Qd6 46. Rf7 Qd1+ 47. Rf1 Qd6 48. Re1 b5 49. axb5 axb5 50. Qc6 Qb8 51. Re2 b4 52. Bd5 b3 53. Bxb3 Rxe7 54. Rxe7 Qxb3 55. Qa8+ Kh7 56. Qe4+ Kg8 57. Qe6+ Qxe6 58. Rxe6 Kf7 59. Ra6 g5 60. Kg2 Kg7 61. Kf3 Kf7 62. Ke4 1-0


[Site "https://www.chess.com"]

[Event "Titled Tuesday Blitz June 1 2021"]
[White "Darini, Pouria"]
[Black "Lamaze, Simon"]
[WhiteFideId "12502200"]
[BlackFideId "36069264"]
[WhiteElo "2489"]
[BlackElo "1938"]
[Result "0-1"]
[Round "04"]
[TimeControl "180+1"]
[Date "2021.06.01"]
[WhiteClock "0:00:19"]
[BlackClock "0:00:51"]

1. e4 c5 2. Nf3 Nc6 3. Bb5 g6 4. O-O Bg7 5. Re1 e5 6. Bxc6 dxc6 7. d3 Ne7 8. a4 a5 9. Be3 b6 10. Qc1 f6 11. Na3 Be6 12. Bh6 O-O 13. Bxg7 Kxg7 14. Nc4 g5 15. Nfd2 Ng6 16. Nf1 Ra7 17. Ng3 Nf4 18. Nf5+ Kh8 19. g3 Ng6 20. Nce3 h5 21. Qd1 Rh7 22. h3 h4 23. g4 Nf4 24. Kh2 Rd7 25. b3 Qc7 26. Qf3 Rfd8 27. Kg1 Kh7 28. Ng2 Bxf5 29. exf5 Nxg2 30. Kxg2 Rd4 31. Re4 Qd7 32. Qe2 Qd5 33. f3 Rxe4 34. Qxe4 Qxe4 35. fxe4 Kg7 36. Kf3 Kf7 37. Ke3 Ke7 38. c3 Kd6 39. Rd1 b5 40. d4 cxd4+ 41. cxd4 Kc7 42. axb5 exd4+ 43. Rxd4 Rb8 44. bxc6 Rxb3+ 45. Rd3 Rxd3+ 46. Kxd3 Kxc6 47. Kc4 Kd6 48. Kb5 Ke5 49. Kxa5 Kxe4 50. Kb5 Kf3 51. Kc5 Kg3 52. Kd5 Kxh3 53. Ke6 Kxg4 54. Kxf6 h3 55. Kg6 h2 56. f6 h1=Q 57. f7 Qa8 0-1


[Site "https://www.chess.com"]

[Event "Titled Tuesday Blitz June 1 2021"]
[White "Degenbaev, Aziz"]
[Black "tapu2"]
[WhiteFideId "13802640"]
[WhiteElo "1932"]
[BlackElo "2638"]
[Result "0-1"]
[Round "04"]
[TimeControl "180+1"]
[Date "2021.06.01"]
[WhiteClock "0:00:16"]
[BlackClock "0:01:34"]

1. c4 c5 2. Nf3 g6 3. d4 cxd4 4. Nxd4 Nc6 5. e4 Nf6 6. Nc3 d6 7. Be2 Nxd4 8. Qxd4 Bg7 9. Be3 O-O 10. O-O Ng4 11. Qd3 Nxe3 12. Qxe3 Be6 13. Rac1 Rc8 14. b3 Qa5 15. Rc2 a6 16. Rfc1 Qc5 17. Qxc5 dxc5 18. Nd5 Bxd5 19. cxd5 Bd4 20. b4 b6 21. bxc5 bxc5 22. Bxa6 Ra8 23. Bc4 Kg7 24. g3 f5 25. exf5 Rxf5 26. Kg2 Raf8 27. Rf1 Rf3 28. Bb3 g5 29. Re2 Kh8 30. Rxe7 Rxf2+ 31. Rxf2 Rxf2+ 32. Kh1 Rf1+ 33. Kg2 Rf2+ 34. Kh3 h5 35. Re4 g4+ 36. Kh4 Rf5 37. Re6 Kg7 38. d6 Bf6+ 39. Rxf6 Rxf6 40. Kxh5 Rxd6 41. Kxg4 c4 42. Ba4 Ra6 43. Bb5 Rxa2 44. h4 c3 45. Bd3 c2 46. Bxc2 Rxc2 47. h5 Kh6 48. Kh4 Rh2+ 49. Kg4 Rxh5 50. Kf4 Rg5 51. g4 0-1


[Site "https://www.chess.com"]

[Event "Titled Tuesday Blitz June 1 2021"]
[White "Devaev, Alexander"]
[Black "Rustemov, Alexander"]
[WhiteFideId "4169395"]
[BlackFideId "4119002"]
[WhiteElo "2185"]
[BlackElo "2670"]
[Result "1-0"]
[Round "04"]
[TimeControl "180+1"]
[Date "2021.06.01"]
[WhiteClock "0:00:26"]
[BlackClock "0:00:21"]

1. d4 d5 2. c4 c6 3. Nf3 Nf6 4. cxd5 cxd5 5. Nc3 Nc6 6. Bf4 a6 7. h3 Bf5 8. e3 Rc8 9. Nh4 Bd7 10. Bd3 Qb6 11. Rb1 Nb4 12. O-O Nxd3 13. Qxd3 e6 14. Nf3 Be7 15. Bg5 h6 16. Bh4 O-O 17. Ne5 Rfd8 18. Nxd7 Rxd7 19. Bxf6 Bxf6 20. Rfc1 Rdc7 21. Ne2 Rxc1+ 22. Nxc1 Qc6 23. Ne2 Qc2 24. Qxc2 Rxc2 25. Kf1 e5 26. Ke1 exd4 27. exd4 Bg5 28. a4 Rc4 29. b3 Rc2 30. f4 Bh4+ 31. Kd1 Ra2 32. Rc1 Rb2 33. Rc8+ Kh7 34. Rc3 a5 35. g3 Bf6 36. Rd3 Kg6 37. g4 Bh4 38. Rf3 Kf6 39. Nc3 Ke6 40. Re3+ Kd7 41. Nxd5 Kc6 42. Ne7+ Kd7 43. Nf5 Bf6 44. Rd3 b6 45. h4 g6 46. Nxh6 Ke7 47. g5 Bg7 48. f5 Bxh6 49. gxh6 Rh2 50. fxg6 fxg6 51. Rg3 Kf6 52. h7 Rxh4 53. Kc2 Rxh7 54. Kc3 g5 55. Kc4 Kf5 56. d5 Rh6 57. Rg1 g4 58. Rf1+ Kg5 59. Kd4 Rg6 60. Ke5 g3 61. d6 Kh4 62. Rg1 Rg8 63. d7 Kg4 64. Ke6 Kf3 65. Ke7 Kf2 66. Rb1 Rg7+ 67. Ke6 Rg8 68. Ke7 Rg7+ 69. Kd6 Rg8 70. Kc7 g2 71. d8=Q Rxd8 72. Kxd8 g1=Q 73. Rxg1 Kxg1 74. Kc7 Kf2 75. Kxb6 Ke3 76. Kxa5 Kd4 77. b4 Kd5 78. Kb6 Kd6 79. b5 Kd7 80. Kb7 Kd6 81. b6 Kc5 82. a5 Kb5 83. a6 Ka5 84. a7 Kb5 85. a8=Q 1-0


[Site "https://www.chess.com"]

[Event "Titled Tuesday Blitz June 1 2021"]
[White "Erdogdu, Mert"]
[Black "Ognean, Mihnea-Ionut"]
[WhiteFideId "6301495"]
[BlackFideId "1232347"]
[WhiteElo "2485"]
[BlackElo "2012"]
[Result "0-1"]
[Round "04"]
[TimeControl "180+1"]
[Date "2021.06.01"]
[WhiteClock "0:00:17"]
[BlackClock "0:00:06"]

1. e4 c5 2. Nf3 Nc6 3. d4 cxd4 4. Nxd4 Nf6 5. Nc3 e5 6. Ndb5 d6 7. Bg5 a6 8. Na3 b5 9. Nd5 Be7 10. Bxf6 Bxf6 11. c4 b4 12. Nc2 O-O 13. g3 a5 14. b3 Be6 15. Bg2 a4 16. O-O axb3 17. axb3 Rxa1 18. Nxf6+ Qxf6 19. Qxa1 h5 20. Qa4 Rc8 21. h4 g5 22. hxg5 Qxg5 23. Bf3 h4 24. Kg2 hxg3 25. fxg3 Kg7 26. Qa1 Rh8 27. Qc1 Bh3+ 28. Kf2 Qf6 29. Rg1 Bg4 30. Qe3 Rh2+ 31. Rg2 Rxg2+ 32. Kxg2 Bxf3+ 33. Qxf3 Qxf3+ 34. Kxf3 Kf6 35. Ke3 Kg5 36. Kf3 f6 37. Kf2 Kg4 38. Ne3+ Kg5 39. Nf5 Na5 40. Nxd6 Nxb3 41. Nb5 Nc5 42. Kf3 b3 43. Nc3 b2 44. Nb1 Ne6 45. Nd2 Nd4+ 46. Ke3 Kg4 47. Kf2 Ne6 48. Nb1 Nc5 49. Ke3 Kxg3 50. Nc3 Ne6 51. Nb1 Kg4 52. Nd2 Nc5 53. Nb1 Nb3 54. Kd3 Kf4 55. Kc3 Nc5 56. Kxb2 Kxe4 57. Kc3 Ke3 58. Nd2 f5 59. Nf1+ Kf2 60. Nd2 Ne4+ 61. Nxe4+ fxe4 62. c5 e3 63. c6 e2 64. c7 e1=Q+ 0-1


[Site "https://www.chess.com"]

[Event "Titled Tuesday Blitz June 1 2021"]
[White "Eugene, Floryan"]
[Black "Narayanan, Srinath"]
[WhiteFideId "20694784"]
[BlackFideId "5018420"]
[WhiteElo "2517"]
[BlackElo "2472"]
[Result "0-1"]
[Round "04"]
[TimeControl "180+1"]
[Date "2021.06.01"]
[WhiteClock "0:00:39"]
[BlackClock "0:00:52"]

1. e4 c6 2. d4 d5 3. e5 c5 4. dxc5 Nc6 5. Nf3 Bg4 6. Be3 e6 7. c3 Nh6 8. Nbd2 Nf5 9. Bd4 Be7 10. Be2 O-O 11. h3 Nfxd4 12. cxd4 Bf5 13. O-O b6 14. Nb3 a5 15. a4 Rb8 16. Bb5 Na7 17. c6 Qc7 18. Qe2 f6 19. Rfc1 fxe5 20. dxe5 Bg6 21. Nbd4 Bf7 22. Qe3 Bc5 23. Rd1 h6 24. Rac1 Qe7 25. Qe2 Bh5 26. Rd3 Bxd4 27. Rxd4 Bxf3 28. gxf3 Qg5+ 29. Kh2 Qxc1 30. Rg4 Nxc6 31. Rg1 Qf4+ 32. Rg3 Nxe5 0-1


[Site "https://www.chess.com"]

[Event "Titled Tuesday Blitz June 1 2021"]
[White "Gokerkan, Cem Kaan"]
[Black "Elgersma, Onno"]
[WhiteFideId "6336760"]
[BlackFideId "1053531"]
[WhiteElo "2361"]
[BlackElo "2504"]
[Result "1/2-1/2"]
[Round "04"]
[TimeControl "180+1"]
[Date "2021.06.01"]
[WhiteClock "0:00:05"]
[BlackClock "0:00:17"]

1. e4 c5 2. c3 e6 3. d4 d5 4. exd5 exd5 5. Nf3 Nc6 6. Bb5 Bg4 7. O-O Bd6 8. Re1+ Ne7 9. dxc5 Bxc5 10. h3 Bh5 11. Be3 Bd6 12. c4 dxc4 13. Nbd2 c3 14. Nc4 Bc7 15. Bc5 O-O 16. bxc3 Re8 17. g4 Bg6 18. Qxd8 Raxd8 19. Bxe7 Rxe7 20. Bxc6 Rxe1+ 21. Rxe1 bxc6 22. Re7 Bf4 23. Nce5 Be4 24. Kg2 Bxe5 25. Rxe5 Bxf3+ 26. Kxf3 Kf8 27. Ke3 Re8 28. Rxe8+ Kxe8 29. Kd4 Kd7 30. Kc5 Kc7 31. f4 Kd7 32. Kb4 Kc7 33. Ka5 Kb7 34. c4 f6 35. f5 Kb8 36. Ka6 Ka8 37. h4 Kb8 38. g5 Ka8 39. h5 h6 40. gxh6 gxh6 41. Ka5 Kb7 42. Kb4 Kb6 43. c5+ Ka6 44. Ka4 Kb7 45. Ka5 Ka8 46. Ka6 Kb8 47. a3 Ka8 48. a4 Kb8 49. a5 Ka8 1/2-1/2


[Site "https://www.chess.com"]

[Event "Titled Tuesday Blitz June 1 2021"]
[White "Golubev, Mikhail"]
[Black "Weetik, Vjacheslav"]
[WhiteFideId "14100983"]
[BlackFideId "4153472"]
[WhiteElo "2374"]
[BlackElo "2469"]
[Result "1-0"]
[Round "04"]
[TimeControl "180+1"]
[Date "2021.06.01"]
[WhiteClock "0:00:05"]
[BlackClock "0:00:05"]

1. e4 c6 2. d4 d5 3. e5 Bf5 4. h4 Qb6 5. h5 h6 6. Nf3 e6 7. Bd3 Ne7 8. Bxf5 Nxf5 9. O-O c5 10. c4 dxc4 11. d5 exd5 12. Qxd5 Qc6 13. Qxc4 Nd7 14. Nc3 O-O-O 15. Qxf7 Nd4 16. Nxd4 cxd4 17. Nd5 Nxe5 18. Qf5+ Qd7 19. Qxe5 Qxd5 20. Bf4 Qxe5 21. Bxe5 Rd5 22. Rac1+ Kd7 23. f4 Bc5 24. Rfd1 Rg8 25. Rd3 Bb6 26. Rcd1 Ke6 27. Kf2 Rc8 28. R1d2 Kf7 29. Kf3 Rcd8 30. g4 g6 31. hxg6+ Kxg6 32. Ke4 R5d7 33. Bxd4 Bxd4 34. Rxd4 Re8+ 35. Kf3 Rde7 36. Rd6+ Kg7 37. Rd7 Kg6 38. R2d6+ Kg7 39. Rxe7+ Rxe7 40. f5 Rc7 41. b3 b6 42. Kf4 Re7 43. f6+ 1-0


[Site "https://www.chess.com"]

[Event "Titled Tuesday Blitz June 1 2021"]
[White "Goryachkina, Aleksandra"]
[Black "Baradaran, Arman"]
[WhiteFideId "4147103"]
[BlackFideId "880515"]
[WhiteElo "2441"]
[BlackElo "2132"]
[Result "1-0"]
[Round "04"]
[TimeControl "180+1"]
[Date "2021.06.01"]
[WhiteClock "0:00:38"]
[BlackClock "0:00:05"]

1. e4 e5 2. Nf3 Nc6 3. d4 exd4 4. Nxd4 Nf6 5. Nxc6 bxc6 6. Nc3 Bb4 7. Bd3 d5 8. exd5 O-O 9. O-O cxd5 10. h3 c6 11. Qf3 Bd6 12. Bf4 Rb8 13. b3 Rb4 14. Ne2 Bxf4 15. Nxf4 Qd6 16. Nh5 Nxh5 17. Qxh5 g6 18. Qe2 a5 19. Rfe1 a4 20. Qe7 Qxe7 21. Rxe7 axb3 22. axb3 Be6 23. Rc7 Rb6 24. Ra6 Rfb8 25. Rxc6 Rxa6 26. Bxa6 Kg7 27. Kf1 Kf6 28. Ke2 Ke5 29. Kd2 h5 30. h4 Kf4 31. Be2 Ra8 32. g3+ Ke5 33. b4 Rb8 34. b5 Bd7 35. Rc7 Kd6 36. Ra7 Bxb5 37. Bxb5 Rxb5 38. Rxf7 Ke5 39. Kd3 Rb6 40. Re7+ Kf5 41. Kd4 Rc6 42. Re2 Rd6 43. Re5+ Kg4 44. Rxd5 Rc6 45. c4 Kf3 46. c5 Kxf2 47. Rg5 Kf3 48. Kd5 Ra6 49. c6 Ra5+ 50. Kd6 Rxg5 51. hxg5 Kxg3 52. c7 Kg4 53. c8=Q+ Kxg5 54. Qh3 Kf4 55. Qh4+ Kf5 56. Kd5 g5 57. Qxh5 Kf4 58. Qh6 Kf5 59. Kd4 g4 60. Ke3 g3 61. Qh5+ Kf6 62. Qh4+ Kf5 63. Qxg3 Ke6 64. Qf4 Kd5 65. Qe4+ Kc5 66. Qd4+ Kc6 67. Ke4 Kc7 68. Qd5 Kc8 69. Qd6 Kb7 70. Kd5 Ka7 71. Kc5 Ka8 72. Kb5 Ka7 73. Qe7+ Kb8 74. Kb6 Kc8 75. Qe8# 1-0


[Site "https://www.chess.com"]

[Event "Titled Tuesday Blitz June 1 2021"]
[White "Grigorov, Grigor"]
[Black "Yurovskykh, Oleksandr"]
[WhiteFideId "2907313"]
[BlackFideId "14134020"]
[WhiteElo "2510"]
[BlackElo "2339"]
[Result "1-0"]
[Round "04"]
[TimeControl "180+1"]
[Date "2021.06.01"]
[WhiteClock "0:02:31"]
[BlackClock "0:02:24"]

1. d4 d5 2. c4 dxc4 3. e3 Nf6 4. Bxc4 e6 5. Nf3 c5 6. O-O Nc6 7. Nc3 cxd4 8. Nxd4 Nxd4 9. exd4 Be7 10. d5 exd5 11. Nxd5 Nxd5 12. Bxd5 O-O 13. Qf3 Qb6 14. Be3 Bc5 15. Bxc5 Qxc5 16. Rac1 Qb6 17. Rfe1 Qxb2 18. Qxf7+ 1-0


[Site "https://www.chess.com"]